AoeStats
← O grande

Arabian Desert

508621780Analyzed
1v1 RM · 8d ago on Sep 23, 2026· 34m 52s· 2 players
Game mode
Random Map
Map size
Tiny (2 player)
Population
200
Speed
Normal
Resources
Standard
Victory
Conquest
Starting age
Dark Age
Ending age
Imperial Age
RankedLock teamsTeams togetherTeam positionsShared explorationLock speedFull tech treeHidden civsTurbo modeCheats
Victory
Defeat
🇧🇷 Celts · Brazil
2082
+9
🇹🇷 Varangians · Türkiye
1931
-9
O grande
7:43 Loom
12:10 Feudal Age
12:14 Man-at-Arms
14:44 Double-Bit Axe
14:40 Horse Collar
18:29 Fletching
24:14 Castle Age
23:10 Scale Mail Armor
24:18 Pikeman
25:40 Bow Saw
28:38 Padded Archer Armor
28:33 Elite Skirmisher
30:02 Leather Archer Armor
30:48 Wheelbarrow
29:59 Town Watch
30:36 Leather Archer Armor
30:53 Bodkin Arrow
33:46 Ballistics
fefefef
5:34 Loom
5:38 Loom
9:31 Feudal Age
10:37 Double-Bit Axe
10:58 Horse Collar
18:17 Bloodlines
26:27 Castle Age
25:43 Fletching
25:56 Gold Mining
27:16 Wheelbarrow
27:03 Bodkin Arrow
28:13 Husbandry
33:46 Light Cavalry
Connection lost

Rejoining the realm…

Still unreachable

The connection could not be restored.

Session expired

The server has moved on; the page needs a fresh start.